 Dungeon Crawl Stone Soup version 0.30-a0-862-g1aabd4f9c5 (console) character file.

Game seed: 4522494403662905107

14674 petzl the Thaumaturge (level 12, -18/89 HPs)
             Began as a Formicid Delver on Mar 9, 2023.
             Was an Elder of Vehumet.
             Demolished by a white ugly thing (30 damage)
             ... on level 11 of the Dungeon.
             The game lasted 01:34:39 (13675 turns).

petzl the Thaumaturge (Formicid Delver)            Turns: 13675, Time: 01:34:41

Health: -18/89     AC:  9    Str: 23    XL:     12   Next: 48%
Magic:  31/35      EV: 11    Int: 15    God:    Vehumet [****..]
Gold:   655        SH:  9    Dex: 15    Spells: 21/31 levels left

rFire   . . .      SeeInvis +    b - +0 war axe (elec) {!f =f}
rCold   . . .      Faith    .    K - +3 warlock's mirror {omnireflect}
rNeg    . . .      Spirit   .    M - +1 leather armour of Vutus {Contam Will+++ MP+9 Stlth+}
rPois   +          Reflect  +    (helmet unavailable)
rElec   .          Rampage  .    x - +0 cloak
rCorr   .                        I - +0 pair of gloves
Will    ++++.                    Q - +2 pair of boots
Stlth   +++++                    r - amulet of regeneration
HPRegen 1.14/turn                v - +6 ring of strength
MPRegen 0.24/turn                h - ring of poison resistance

@: no status effects
A: permanent stasis, dig shafts and tunnels, antennae 3, four strong arms
a: Dig, Shaft Self, Renounce Religion


You were on level 11 of the Dungeon.
You worshipped Vehumet.
Vehumet was greatly pleased with you.
You visited 2 branches of the dungeon, and saw 15 of its levels.
You also visited: Bailey.

You collected 655 gold pieces.

Inventory:

Hand Weapons
 a - a +1 heavy shortbow
 b - a +0 war axe of electrocution (weapon) {!f =f}
 c - a +0 dagger of venom {!f =f}
 l - a +0 short sword of draining
 m - a +1 trident of protection
 t - a +2 long sword of holy wrath
 G - a +0 demon trident
 R - a +4 long sword of freezing
 S - a +4 morningstar of freezing
Missiles
 k - 104 stones
 D - 15 poisoned darts
 E - 2 javelins
 H - 4 throwing nets
 L - 5 curare-tipped darts (quivered)
Armour
 x - a +0 cloak (worn)
 z - the +7 chain mail of Beogh's Regard {rElec rF+ rC- Will+}
   (You found it on level 4 of the Dungeon)

   rF:        It protects you from fire.
   rC:        It makes you vulnerable to cold.
   rElec:     It insulates you from electricity.
   Will:      It increases your willpower.
 F - a +1 scale mail of cold resistance
 I - a +0 pair of gloves (worn)
 K - the +3 warlock's mirror (worn) {omnireflect}
   (You acquired it on level 7 of the Dungeon)

   Omnireflect: It can block and reflect piercing ranged attacks and magical
   attacks against the wielder's willpower.
 M - the +1 leather armour of Vutus (worn) {Contam Will+++ MP+9 Stlth+}
   (You took it off a gnoll on level 6 of the Dungeon)

   MP:        It affects your magic capacity (+9).
   Contam:    It causes magical contamination when unequipped.
   Will:      It greatly increases your willpower.
   Stlth:     It makes you more stealthy.
 P - a +2 robe of resistance
 Q - a +2 pair of boots (worn)
 U - the +0 scale mail "Pyibyh" {rPois Stlth+}
   (You found it on level 3 of the Lair of Beasts)

   rPois:     It protects you from poison.
   Stlth:     It makes you more stealthy.
Jewellery
 h - a ring of poison resistance (right hand)
 r - an amulet of regeneration (around neck)
 v - a +6 ring of strength (left hand)
 B - a ring of protection from fire
 T - a ring of ice
Wands
 f - a wand of digging (23)
 n - a wand of flame (30)
 s - a wand of light (7)
 N - a wand of roots (17)
Scrolls
 d - 2 scrolls of magic mapping
 e - 3 scrolls of poison
 j - 6 scrolls of enchant armour
 w - a scroll of amnesia {unknown}
 A - 3 scrolls of silence
 J - a scroll of summoning
 O - 2 scrolls of fog
 V - a scroll of acquirement
 W - a scroll of immolation {unknown}
Potions
 g - a potion of might
 i - 4 potions of brilliance {unknown}
 o - a potion of invisibility {unknown}
 p - 2 potions of heal wounds {unknown}
 q - 2 potions of lignification {unknown}
 u - a potion of mutation
 C - a potion of cancellation {unknown}
 X - a potion of ambrosia {unknown}


   Skills:
 + Level 6.9 Fighting
 - Level 2.6(3.0) Axes
 - Level 2.0(2.6) Maces & Flails
 - Level 3.0 Ranged Weapons
 - Level 1.7 Dodging
 - Level 9.0 Stealth
 + Level 6.3 Shields
 - Level 10.0 Spellcasting
 + Level 7.7 Conjurations
 - Level 4.0 Necromancy
 - Level 4.0 Translocations
 - Level 3.0 Transmutations
 - Level 6.0 Fire Magic
 * Level 5.2 Poison Magic
 - Level 3.0 Evocations


You had 21 spell levels left.
You knew the following spells:

 Your Spells              Type           Power      Damage    Failure   Level
a - Necrotise             Necr           76%        1d7       2%          1
b - Foxfire               Conj/Fire      100%       2x1d9     1%          1
p - Apportation           Tloc           38%        N/A       2%          1
I - Ignite Poison         Fire/Tmut/Pois 21%        N/A       1%          3
T - Olgreb's Toxic Radia  Pois           23%        N/A       4%          4

Your spell library contained the following spells:

 Spells                   Type           Power      Damage    Failure   Level
 Summon Small Mammal      Summ           28%        N/A       14%         1
 Portal Projectile        Hex/Tloc       26%        N/A       19%         3
 Passage of Golubria      Tloc           19%        N/A       26%         4
 Tukima's Dance           Hex            7%         N/A       38%         3
 Yara's Violent Unravell  Hex/Tmut       6%         3d5       45%         5
 Alistair's Intoxication  Tmut/Pois      12%        N/A       56%         5
 Blade Hands              Tmut           8%         N/A       73%         5
 Summon Ice Beast         Ice/Summ       7%         N/A       80%         4
 Summon Mana Viper        Hex/Summ       7%         N/A       98%         5
 Monstrous Menagerie      Summ           3%         N/A       100%        7


Dungeon Overview and Level Annotations

Branches:
Dungeon (12/15)            Temple (0/1) D:5            Lair (3/5) D:10
 Bailey (visited)
  Swamp: Lair:2-3    Shoals: Lair:2-3     Snake: Lair:2-3    Spider: Lair:2-3
    Orc: D:9-12

Altars:
Dithmenos
Gozag
Hepliaklqana
Kikubaaqudgha
Nemelex Xobeh
Okawaru
Qazlal
Vehumet
Xom
Yredelemnul
Zin
The Shining One

Shops:
D:3 *

Annotations:
D:6 exclusion: downstairs
D:7 exclusion: downstairs
D:8 exclusion: downstairs
D:9 exclusion: downstairs
D:11 2 transporters
Lair:1 exclusion: downstairs
Lair:2 exclusions: basilisk, cane toad, downstairs and hydra, Erica
Lair:3 exclusions: basilisk and hydra


Innate Abilities, Weirdness & Mutations

You cannot be hasted, slowed, berserked, paralysed or teleported.
You can dig through walls and to a lower floor.
You have a pair of large antennae on your head. (SInv)
Your four strong arms can wield two-handed weapons with a shield.


Message History

There is a stone staircase leading up here.
A white ugly thing comes into view.
Found 5 stones.
Found an escape hatch in the ceiling.
Your +0 war axe of electrocution {!f =f} stops crackling.
a - a +1 heavy shortbow (weapon)
You shoot an arrow.
The arrow hits the white ugly thing but does no damage.
The white ugly thing gurgles horribly!
You shoot an arrow.
The arrow barely misses the white ugly thing.
An unseen horror comes into view.
The white ugly thing attacks as you move away!
The white ugly thing engulfs you. The white ugly thing freezes you!!
There is a stone staircase leading up here.
The white ugly thing engulfs you. The white ugly thing freezes you!
You climb upwards.
Level annotation: 2 transporters
There is a stone staircase leading down here.
You hear the crackle of electricity.
b - a +0 war axe of electrocution (weapon)
{!f =f}
Casting: Ignite Poison (safe; 1% risk of failure)
Confirm with . or Enter, or press ? or * to list all spells.
You begin to radiate toxic energy.
The white ugly thing is poisoned.
The white ugly thing looks even sicker.
The white ugly thing engulfs you. The white ugly thing freezes you!!
* * * LOW HITPOINT WARNING * * *
As you read the scroll of fear, it crumbles to dust.
You assume a fearsome visage.
The white ugly thing looks frightened!
Your attack snaps the white ugly thing out of its fear.
The white ugly thing looks even sicker.
The white ugly thing engulfs you but does no damage.
As you read the scroll of fear, it crumbles to dust.
You assume a fearsome visage.
The white ugly thing looks frightened!
Your attack snaps the white ugly thing out of its fear.
The white ugly thing looks as sick as possible!
Your toxic aura wanes.
The white ugly thing engulfs you.
* * * LOW HITPOINT WARNING * * *
The white ugly thing freezes you!!
You die...

#################
#................
#................
#................
#................
#................ .
#................
....#########........[.......
........@.............)......
.......u###'##....#####......
######..#....#....#..<#......
#..#....#....#...#......
#..#....#....#...#....[.
#..#....#....#...'.....#
#..######....#####....## ....
..............#O
#########...#. #...#. #...#.
#...#. #<..#. #..>.#. #....##
#.....# #...... #......
#......


You could see a white ugly thing (extremely poisoned).

Vanquished Creatures
  Harold (Lair:2)
  A boulder beetle (D:9)
  3 cane toads
  A rime drake (Lair:1)
  4 komodo dragons (Lair:1)
  A troll (D:8)
  A hornet (D:7)
  Sigmund (D:6)
  A wraith (D:9)
  A shadow (D:10)
  Grum (D:9)
  27 yaks
  3 steam dragons
  2 humans (D:7)
  5 water moccasins
  3 sky beasts
  5 orc warriors
  An ice beast (D:8)
  A black bear (D:6)
  An ogre (D:9)
  4 wolves
  4 centaurs
  4 kobold brigands
  A gnoll sergeant (D:9)
  14 bullfrogs
  A scorpion (D:6)
  17 wights
  2 killer bees
  A howler monkey (D:4)
  A jelly (D:5)
  4 hounds
  4 orc priests
  4 sleepcaps
  5 iguanas
  A gnoll bouda (D:6)
  9 orc wizards
  Robin (D:2)
  16 gnolls
  8 adders
  3 shadow imps
  2 white imps (D:7)
  2 ufetubi (D:5)
  4 worms
  A dart slug (D:3)
  49 orcs
  11 ball pythons
  6 endoplasms
  A giant cockroach (D:2)
  23 goblins
  7 hobgoblins
  11 kobolds
  3 quokkas
  5 bats
  2 frilled lizards
  4 rats
299 creatures vanquished.

Vanquished Creatures (collateral kills)
  2 orc priests (D:7)
  An orc (D:7)
3 creatures vanquished.

Vanquished Creatures (others)
  A killer bee (D:8)
  A kobold (D:10)
  A foxfire (D:7)
  4 fungi
  6 plants
13 creatures vanquished.

Grand Total: 315 creatures vanquished

Notes
Turn   | Place    | Note
-------+----------+-------------------------------------------
     0 | D:5      | petzl the Formicid Delver began the quest for the Orb.
     0 | D:5      | Reached XP level 1. HP: 18/18 MP: 1/1
    31 | D:6      | Noticed a hound
    31 | D:6      | Found a radiant altar of Vehumet.
    53 | D:5      | Noticed a hound
    85 | D:4      | Noticed a hound
   148 | D:3      | Reached skill level 1 in Spellcasting
   254 | D:3      | Noticed an orc wizard
   416 | D:3      | Reached XP level 2. HP: 24/24 MP: 4/4
   446 | D:3      | Noticed Robin
   586 | D:3      | Reached skill level 2 in Spellcasting
   750 | D:1      | Reached XP level 3. HP: 26/29 MP: 6/6
  1366 | D:1      | Reached skill level 3 in Spellcasting
  1999 | D:2      | Reached XP level 4. HP: 23/35 MP: 8/8
  2643 | D:3      | Found Zin's Purification Station.
  2646 | D:3      | Found a glowing silver altar of Zin.
  2732 | D:3      | You fall into a shaft and drop 1 floor!
  3106 | D:3      | You fall into a shaft and drop 2 floors!
  3200 | D:4      | Reached skill level 1 in Ranged Weapons
  3200 | D:4      | Reached skill level 4 in Spellcasting
  3200 | D:4      | Reached XP level 5. HP: 32/41 MP: 9/11
  3448 | D:2      | Killed Robin
  3576 | D:3      | Found a faded altar of an unknown god.
  4335 | D:4      | Reached skill level 1 in Evocations
  4335 | D:4      | Reached XP level 6. HP: 39/44 MP: 12/12
  4934 | D:4      | Identified the +7 chain mail of Beogh's Regard {rElec rF+
                  | rC- Will+}
  5061 | D:5      | Found an iron altar of Okawaru.
  5147 | D:5      | Found a staircase to the Ecumenical Temple.
  5160 | D:5      | Reached XP level 7. HP: 52/52 MP: 14/14
  5227 | D:5      | Reached skill level 5 in Spellcasting
  5302 | D:5      | Found an ancient bone altar of Kikubaaqudgha.
  5412 | D:5      | Noticed a water moccasin
  5538 | D:5      | Found a hazy altar of Hepliaklqana.
  5707 | D:6      | Became a worshipper of Vehumet
  5745 | D:6      | Found a shimmering altar of Xom.
  5750 | D:6      | You fall into a shaft and drop 1 floor!
  5873 | D:7      | Reached skill level 6 in Spellcasting
  5873 | D:7      | Reached XP level 8. HP: 56/58 MP: 15/17
  5962 | D:7      | You fall into a shaft and drop 2 floors!
  5984 | D:9      | Noticed a boulder beetle
  6076 | D:7      | Found a flagged portal.
  6110 | Bailey   | Entered a bailey
  6165 | Bailey   | Noticed a human
  6166 | Bailey   | Noticed a human
  6174 | Bailey   | Noticed a human
  6200 | D:7      | You fall into a shaft and drop 3 floors!
  6200 | D:10     | Entered Level 10 of the Dungeon
  6308 | D:9      | Reached skill level 7 in Spellcasting
  6344 | D:9      | Noticed a wraith
  6462 | D:8      | Noticed a yak
  6465 | D:8      | Noticed a yak
  6468 | D:8      | Noticed a yak
  6472 | D:8      | Noticed a yak
  6502 | D:8      | Noticed a troll
  6523 | D:8      | Noticed a two-headed ogre
  6653 | D:6      | Reached XP level 9. HP: 63/64 MP: 20/20
  6688 | D:6      | Noticed Sigmund
  6692 | D:6      | You fall into a shaft and drop 1 floor!
  6711 | D:7      | Learned a level 1 spell: Necrotise
  6735 | D:7      | Reached * piety under Vehumet
  6735 | D:7      | Offered knowledge of Foxfire by Vehumet.
  6736 | D:7      | Reached skill level 8 in Spellcasting
  6738 | D:7      | Learned a level 1 spell: Foxfire
  6758 | D:7      | Reached skill level 1 in Fire Magic
  6786 | D:7      | Noticed a hornet
  6800 | D:7      | Killed a hornet
  6835 | D:6      | Found a shadowy altar of Dithmenos.
  6835 | D:6      | Found a sparkling altar of Nemelex Xobeh.
  6835 | D:6      | Found an opulent altar of Gozag.
  6842 | D:6      | Found a stormy altar of Qazlal.
  6842 | D:6      | Identified the +1 leather armour of Vutus {Contam Will+++
                  | MP+9 Stlth+}
  6902 | D:6      | Found a basalt altar of Yredelemnul.
  6989 | D:6      | Found a shimmering altar of Xom.
  6998 | D:6      | Found a shimmering altar of Xom.
  7151 | D:5      | You fall into a shaft and drop 2 floors!
  7233 | D:6      | Killed Sigmund
  7322 | D:5      | Learned a level 1 spell: Apportation
  7482 | D:6      | Found a shimmering altar of Xom.
  7516 | D:6      | Found a shimmering altar of Xom.
  7669 | D:6      | Reached skill level 1 in Necromancy
  7889 | D:7      | Reached skill level 1 in Translocations
  7889 | D:7      | Reached XP level 10. HP: 62/71 MP: 22/22
  8030 | D:7      | Offered knowledge of Momentum Strike by Vehumet.
  8121 | D:7      | Identified a scroll of acquirement
  8122 | D:7      | Acquired the +3 warlock's mirror {omnireflect}
  8122 | D:7      | Found the +3 warlock's mirror {omnireflect}
  8191 | D:7      | Reached ** piety under Vehumet
  8269 | D:7      | Found a glowing golden altar of the Shining One.
  8579 | D:8      | Reached skill level 1 in Shields
  8836 | D:8      | Reached skill level 5 in Fire Magic
  8903 | D:9      | Reached skill level 9 in Spellcasting
  8903 | D:9      | Reached skill level 5 in Conjurations
  9239 | D:9      | Reached skill level 5 in Fighting
  9277 | D:8      | Noticed a centaur warrior
  9309 | D:9      | Offered knowledge of Dazzling Flash by Vehumet.
  9356 | D:9      | Reached XP level 11. HP: 79/79 MP: 24/24
  9506 | D:9      | Noticed Grum
  9524 | D:9      | Reached *** piety under Vehumet
  9994 | D:8      | Noticed a six-headed hydra
 10506 | D:10     | Offered knowledge of Ignite Poison by Vehumet.
 10511 | D:10     | Learned a level 3 spell: Ignite Poison
 10638 | D:10     | Reached skill level 1 in Poison Magic
 10754 | D:10     | Found a staircase to the Lair.
 10761 | D:11     | Noticed an ogre mage
 10761 | D:11     | Noticed an orc knight
 10761 | D:11     | Noticed a fire crab
 10763 | D:11     | Noticed a boulder beetle
 10778 | Lair:1   | Entered Level 1 of the Lair of Beasts
 10817 | Lair:1   | Reached skill level 1 in Transmutations
 11405 | D:10     | Reached skill level 1 in Axes
 11560 | Lair:1   | Reached **** piety under Vehumet
 11561 | Lair:1   | Reached skill level 5 in Shields
 11628 | Lair:1   | You fall into a shaft and drop 1 floor!
 11628 | Lair:2   | Noticed Harold
 11879 | Lair:1   | Reached XP level 12. HP: 56/88 MP: 25/25
 12401 | Lair:2   | Killed Harold
 12474 | Lair:2   | Noticed an eight-headed hydra
 12484 | Lair:2   | Noticed Erica
 12553 | Lair:2   | Noticed a death yak
 12567 | Lair:2   | Noticed a death yak
 12568 | Lair:2   | Noticed a death yak
 12568 | Lair:2   | Noticed a death yak
 12569 | Lair:2   | Noticed a death yak
 12570 | Lair:2   | Noticed a death yak
 12847 | Lair:3   | Identified the +0 scale mail "Pyibyh" {rPois Stlth+}
 12852 | Lair:3   | Noticed a four-headed hydra
 13118 | D:10     | Offered knowledge of Olgreb's Toxic Radiance by Vehumet.
 13124 | D:10     | Learned a level 4 spell: Olgreb's Toxic Radiance
 13232 | D:10     | Noticed a two-headed ogre
 13293 | D:9      | Killed Grum
 13297 | D:9      | Reached skill level 10 in Spellcasting
 13353 | D:9      | Killed a boulder beetle
 13496 | D:10     | Reached skill level 5 in Poison Magic
 13550 | D:11     | Noticed a war gargoyle
 13559 | D:11     | Found a transporter.
 13604 | D:11     | Found a transporter.
 13675 | D:11     | Demolished by a white ugly thing

Illustrated notes

Levels and vault maps discovered:
D:1:      eino_arrival_cavern_b, layout_loops_ring
D:2:      layout_basic
D:3:      layout_basic, zin_purify,
          dreamdust_ecumenical_altar_angels_and_demons, minmay_crystal_water,
          minmay_statues_item, nicolae_kite_square_tiling_tiny,
          grunt_decor_arrowhead, uniq_robin
D:4:      layout_rooms, minmay_snake_closets
D:5:      layout_basic, lemuel_crystal_altar, marbit_many_paths,
          kiku_gazebo_pond_becter, temple_statues
D:6:      layout_basic, nicolae_vehumet_radiance, xom_redecorated,
          grunt_temple_overflow_open, corexii_leaking_fountain, st_stairs_7,
          kennysheep_generic_room_8, uniq_sigmund
D:7:      layout_loops_cross, kennysheep_mini_moat,
          lightli_bailey_entry_fortress
D:8:      cheibrodos_elevator_heist, layout_loops_ring
D:9:      layout_roguey, special_room [special_room_orc], minmay_microvault,
          uniq_grum
D:10:     layout_loops_ring, lair_entry_dummy
D:11:     gammafunk_sealed_arena, layout_irregular_city, orc_0_dummy,
          grunt_gozag_statues, uniq_josephine
D:12:     layout_rooms
Lair:1:   layout_gridlike, chequers_serial_rivers_marsh, minivault_27,
          lemuel_fruit_tree
Lair:2:   layout_hall_layers, beast_lair_carwin_9, infiniplex_staircase_pool,
          serial_bayou_shore_a, uniq_erica, uniq_harold
Lair:3:   cheibrodos_magma_flow, layout_long_grid, nicolae_swamp_entry_spooky,
          nicolae_snake_entry_squirm, chequers_serial_rivers_micro_a

Skill      XL: |  1  2  3  4  5  6  7  8  9 10 11 12 |
---------------+-------------------------------------+-----
Spellcasting   | 1 2 3 4 6 7 8 9 10 | 10.0
Ranged Weapons | 1 2 3 |  3.0
Evocations     | 1 2 3 |  3.0
Stealth        | 7 9 |  9.0
Fire Magic     | 4 5 6 |  6.0
Conjurations   | 3 5 7 |  7.7
Necromancy     | 1 3 4 |  4.0
Translocations | 1 2 4 |  4.0
Fighting       | 5 6 |  6.9
Shields        | 3 5 6 |  6.3
Poison Magic   | 2 5 |  5.2
Transmutations | 2 3 |  3.0
Axes           | 1 2 |  2.6
Maces & Flails | |  2.0
Dodging        | |  1.7

Action                     |  1- 3 |  4- 6 |  7- 9 | 10-12 || total
---------------------------+-------+-------+-------+-------++-------
  Melee: Mace              |   131 |   101 |       |       ||   232
         Punch             |     1 |     1 |     9 |     1 ||    12
         Whip              |       |    79 |   341 |   111 ||   531
         War axe           |       |       |       |   507 ||   507
         Short sword       |       |       |       |    35 ||    35
         Dagger            |       |       |       |     1 ||     1
   Fire: Sling             |       |    97 |    21 |       ||   118
         Shortbow          |       |       |    93 |   224 ||   317
  Throw: Dart              |       |       |     3 |     4 ||     7
   Cast: Necrotise         |       |       |    10 |     9 ||    19
         Foxfire           |       |       |     1 |     1 ||     2
         Ignite Poison     |       |       |       |     4 ||     4
         Olgreb's Toxic Ra |       |       |       |     3 ||     3
Ability: Shaft Self        |       |     2 |     5 |     1 ||     8
         Dig               |       |     2 |     4 |     4 ||    10
  Evoke: Wand              |       |       |     9 |     5 ||    14
    Use: Scroll            |     2 |     4 |     5 |    13 ||    24
         Potion            |       |       |     3 |     3 ||     6
   Stab: Sleeping          |    14 |    10 |     1 |     5 ||    30
 Armour: Leather armour    |    25 |     7 |    22 |   186 ||   240
         Ring mail         |       |    85 |   149 |       ||   234
  Dodge: Dodged            |    89 |   153 |   301 |   368 ||   911
  Block: Buckler           |       |       |       |   273 ||   273
         Reflection        |       |       |       |    15 ||    15

Table legend: (Time is in decaauts)
 A = Elapsed time spent in this place.
 B = Non-inter-level travel time spent in this place.
 C = Inter-level travel time spent in this place.
 D = Time resting spent in this place.
 E = Time spent auto-exploring this place.
 F = Levels seen in this place.
 G = Mean time per level.
                   A        B        C        D        E       F      G
               +--------+--------+--------+--------+--------+-----+--------+
         Total |  14090 |  13122 |    968 |   1923 |   3981 |  16 |  880.6 |
       Dungeon |  11721 |  10906 |    815 |   1566 |   3460 |  12 |  976.8 |
          Lair |   2297 |   2144 |    153 |    337 |    521 |   3 |  765.7 |
        Bailey |     71 |     71 |      0 |     20 |      0 |   1 |   71.0 |
               +--------+--------+--------+--------+--------+-----+--------+

Top non-repeatable levels by time:
     D:3: 1743 daAuts
     D:9: 1581 daAuts
  Lair:1: 1514 daAuts
     D:2: 1462 daAuts
     D:7: 1307 daAuts
     D:4: 1069 daAuts
     D:6: 956 daAuts
     D:8: 933 daAuts
    D:10: 907 daAuts
     D:5: 890 daAuts
     D:1: 730 daAuts
  Lair:2: 609 daAuts
  Lair:3: 173 daAuts
    D:11: 121 daAuts
  Bailey: 71 daAuts
